 Dungeon Crawl Stone Soup version 0.28-a0-957-g42eb19b844 (webtiles) character file.

Game seed: 3129340961480678885

4 vurker the Gusty (level 1, 0/7 HPs)
             Began as a Felid Air Elementalist on Nov 30, 2021.
             Slain by a quokka (2 damage)
             ... on level 1 of the Dungeon.
             The game lasted 00:00:18 (149 turns).

vurker the Gusty (Felid Air Elementalist)            Turns: 149, Time: 00:00:18

Health: 0/7        AC:  1    Str:  4    XL:     1   Next: 58%
Magic:  1/4        EV: 17    Int: 16    God:
Gold:   16         SH:  0    Dex: 16    Spells: 3/4 levels left
                                        Lives:  0   Deaths: 0

rFire   . . .      SeeInvis +   (weapon unavailable)
rCold   + . .      Faith    .   (shield unavailable)
rNeg    . . .      Spirit   .   (armour unavailable)
rPois   .          Reflect  .   (helmet unavailable)
rElec   .          Harm     .   (cloak unavailable)
rCorr   .          Rampage  .   (gloves unavailable)
Will    .....                   (boots unavailable)
Stlth   ++........              (no amulet)
HPRegen 0.02/turn               a - ring of protection from cold
MPRegen 0.09/turn               (no ring)

@: quick
A: very small, claws 1, fangs 3, see invisible, speed 1, shaggy fur 1, stealthy
paws, no weapons or thrown items, no armour, multi-lived
a: no special abilities


You were on level 1 of the Dungeon.
You visited 1 branch of the dungeon, and saw 1 of its levels.

You collected 16 gold pieces.

Inventory:

Jewellery
 a - a ring of protection from cold (left paw)
   (You found it on level 1 of the Dungeon)
Scrolls
 b - a scroll of vulnerability {unknown}


   Skills:
 + Level 0.2 Fighting
 - Level 2.6 Dodging
 - Level 2.6 Stealth
 * Level 2.1 Spellcasting
 + Level 1.0 Conjurations
 * Level 2.8 Air Magic


You had 3 spell levels left.
You knew the following spells:

 Your Spells              Type           Power      Damage    Failure   Level
a - Shock                 Conj/Air       28%        1d4       10%         1

Your spell library contained the following spells:

 Spells                   Type           Power      Damage    Failure   Level
 Static Discharge         Conj/Air       7%         N/A       14%         2
 Swiftness                Air            10%        N/A       19%         3
 Airstrike                Air            5%         N/A       54%         4


Dungeon Overview and Level Annotations

Branches:
Dungeon (1/15)

Altars:


Innate Abilities, Weirdness & Mutations

You have sharp claws.
You have razor-sharp teeth.
You have supernaturally acute eyesight. (SInv)
You cover ground quickly. (Speed+)
You are covered in fur. (AC +1)
Your paws help you pounce on unaware monsters.
You are incapable of wielding weapons or throwing items.
You cannot wear armour.
You gain extra lives every three experience levels.


Message History

You kill the frilled lizard!
Your magical contamination has completely faded away.
Found a robe.
You can't see any susceptible monsters within range! (Use Z to cast anyway.) 2 jackals come into view.
The jackal barks!
Aim: a jackal (60% to hit)
The zap misses the jackal.
The zap hits the jackal.
The jackal barks!
A jackal comes into view.
There are monsters nearby!
Aim: a jackal (60% to hit)
The zap misses the jackal.
The jackal barks!
A jackal comes into view.
There are monsters nearby!
Aim: a jackal (60% to hit)
The zap misses the jackal.
The zap hits the jackal.
There are monsters nearby!
Aim: a jackal (60% to hit)
The zap hits the jackal. x2
You kill the jackal!
Your Conjurations skill increases to level 1!
A quokka comes into view.
The quokka twitches its whiskers.
The jackal bites you.
The quokka twitches its whiskers.
The quokka completely misses you.
You barely miss the quokka. Your bite misses the quokka.
The jackal closely misses you. The quokka misses you.
You scratch the quokka. The jackal barely misses you. The quokka bites you.
The jackal completely misses you.
You closely miss the quokka. The quokka misses you.
You scratch the quokka. The quokka barely misses you.
The jackal completely misses you. The quokka misses you.
You barely miss the quokka. The jackal completely misses you.
The quokka completely misses you.
You completely miss the quokka.
The jackal bites you but does no damage.
The quokka closely misses you. The jackal barely misses you.
You closely miss the quokka. The quokka barely misses you.
The jackal bites you.
* * * LOW HITPOINT WARNING * * *
You scratch the quokka but do no damage.
The jackal closely misses you. The quokka barely misses you.
The jackal pauses to sniff the ground.
The jackal barely misses you.
You scratch the quokka but do no damage.
The quokka bites you.
You die...

#...............#
#...............#
#...............######
#[...>..........##....
#...............##....
##............>###....
##...................
######...#..........
#r@hhh..#..........
#....#####.#..........
................[.......
#.##########.#..........
# .....h........
.......h.######
####.###... #.# ###. ..


You could see a quokka and 3 jackals.

Vanquished Creatures
  A ball python (D:1)
  A jackal (D:1)
  A frilled lizard (D:1)
  A kobold (D:1)
  A rat (D:1)
5 creatures vanquished.

Notes
Turn   | Place    | Note
-------+----------+-------------------------------------------
     0 | D:1      | vurker the Felid Air Elementalist began the quest for the
                  | Orb.
     0 | D:1      | Reached XP level 1. HP: 7/7 MP: 4/4
   136 | D:1      | Reached skill level 1 in Conjurations
   149 | D:1      | Slain by a quokka

Illustrated notes

Levels and vault maps discovered:
D:1:      dpeg_arrival_water_altar, layout_rooms,
          hellmonk_ecumenical_altar_pennies_from_heaven

Skill      XL: |  1 |
---------------+----+-----
Conjurations   | 1 |  1.0
Fighting       | |  0.2
Dodging        | |  2.6
Stealth        | |  2.6
Spellcasting   | |  2.1
Air Magic      | |  2.8

Action                   || total
-------------------------++-------
Melee: Unarmed           ||    12
       Bite              ||     1
 Cast: Shock             ||     9
Armor: Skin              ||     2
Dodge: Dodged            ||    18

Table legend: (Time is in decaauts)
 A = Elapsed time spent in this place.
 B = Non-inter-level travel time spent in this place.
 C = Inter-level travel time spent in this place.
 D = Time resting spent in this place.
 E = Time spent auto-exploring this place.
 F = Levels seen in this place.
 G = Mean time per level.
                   A        B        C        D        E       F      G
               +--------+--------+--------+--------+--------+-----+--------+
         Total |    135 |    135 |      0 |      0 |     96 |   1 |  135.0 |
       Dungeon |    135 |    135 |      0 |      0 |     96 |   1 |  135.0 |
               +--------+--------+--------+--------+--------+-----+--------+

Top non-repeatable levels by time:
     D:1: 135 daAuts
